 Dungeon Crawl Stone Soup version 0.29-a0-234-g0dae59b3db (webtiles) character file.

Game seed: 15731593716038938164

549 testman the Skirmisher (level 7, -6/56 HPs)
             Began as a Barachi Arcane Marksman on Mar 3, 2022.
             Mangled by an ice beast (14 damage)
             ... on level 5 of the Dungeon.
             The game lasted 00:12:08 (4471 turns).

testman the Skirmisher (Barachi Arcane Marksman)    Turns: 4471, Time: 00:12:09

Health: -6/56      AC:  2    Str: 12    XL:     7   Next: 28%
Magic:  9/9        EV: 12    Int: 13    God:
Gold:   250        SH:  0    Dex: 14    Spells: 5/9 levels left

rFire   . . .      SeeInvis .   a - +0 hand crossbow
rCold   . . .      Faith    .   (no shield)
rNeg    . . .      Spirit   .   b - +0 robe
rPois   .          Reflect  .   (no helmet)
rElec   .          Harm     .   (no cloak)
rCorr   .          Rampage  .   (no gloves)
Will    .....                   (no boots)
Stlth   +.........              (no amulet)
HPRegen 0.18/turn               (no ring)
MPRegen 0.11/turn               (no ring)

@: unable to hop, slow
A: amphibious, slowness 1, strong legs 1, +LOS
a: Hop


You were on level 5 of the Dungeon.
You visited 1 branch of the dungeon, and saw 5 of its levels.

You collected 250 gold pieces.

Inventory:

Hand Weapons
 a - a +0 hand crossbow (weapon)
Armour
 b - a +0 robe (worn)
Jewellery
 n - a ring of protection from cold
Wands
 p - a wand of paralysis (8)
 r - a wand of flame (29)
Scrolls
 c - a scroll of silence {unknown}
 e - 3 scrolls of noise {unknown}
 f - a scroll of immolation {unknown}
 h - 3 scrolls of brand weapon {unknown}
 i - a scroll of acquirement {unknown}
 j - 3 scrolls of teleportation {unknown}
 l - 8 scrolls of identify {unknown}
Potions
 d - a potion of haste {unknown}
 g - a potion of brilliance {unknown}
 k - a potion of flight {unknown}
 m - a potion of lignification {unknown}
 o - 2 potions of might {unknown}
 q - a potion of attraction {unknown}
 s - a potion of resistance {unknown}


   Skills:
 + Level 5.1 Fighting
 + Level 4.6 Crossbows
 - Level 2.1 Dodging
 + Level 1.5 Spellcasting
 - Level 4.1 Hexes
 + Level 3.7 Translocations


You had 5 spell levels left.
You knew the following spells:

 Your Spells              Type           Power      Damage    Failure   Level
a - Slow                  Hex            44%        N/A       4%          1
b - Portal Projectile     Hex/Tloc       22%        N/A       16%         3

Your spell library contained the following spells:

 Spells                   Type           Power      Damage    Failure   Level
 Beastly Appendage        Tmut           0%         N/A       26%         1
 Inner Flame              Hex/Fire       6%         N/A       34%         3
 Wereblood                Tmut           0%         N/A       38%         2
 Cause Fear               Hex            5%         N/A       43%         4
 Ignite Poison            Fire/Tmut/Pois 0%         N/A       63%         3
 Mephitic Cloud           Conj/Pois/Air  0%         N/A       63%         3
 Spider Form              Tmut/Pois      0%         N/A       63%         3
 Stone Arrow              Conj/Erth      0%         3d7       63%         3
 Animate Armour           Summ/Erth      0%         N/A       95%         4
 Freezing Cloud           Conj/Ice/Air   0%         6-21      100%        5
 Lehudib's Crystal Spear  Conj/Erth      0%         10d2      100%        8


Dungeon Overview and Level Annotations

Branches:
Dungeon (5/15)
 Temple: D:4-7

Altars:

Shops:
D:1 *


Innate Abilities, Weirdness & Mutations

You are amphibious.
You cover ground slowly.
You can hop short distances.
You have an extended range of vision and can be seen from far away.


Message History

The ice beast hits you. The ice beast freezes you!
Hop to where?
Press: ? - help, Dir - move target, p - ice beast Boing!
You are too injured to fight recklessly!
Shoot: a) +0 hand crossbow
Press: ? - help, Shift-Dir - straight line, f - ice beast
Aim: an ice beast (sparse dust, 64% to hit)
You shoot a bolt. The bolt hits the ice beast!
The ice beast is moderately wounded.
The ice beast closely misses you.
Shoot: a) +0 hand crossbow
Press: ? - help, Shift-Dir - straight line, f/p - ice beast
Aim: an ice beast (moderately wounded, 64% to hit)
You shoot a bolt. The bolt barely misses the ice beast.
The ice beast hits you. The ice beast freezes you!
* * * LOW HITPOINT WARNING * * *
Shoot: a) +0 hand crossbow
Press: ? - help, Shift-Dir - straight line, f/p - ice beast
Aim: an ice beast (moderately wounded, 64% to hit)
You shoot a bolt.
The bolt hits the ice beast but does no damage.
The ice beast is moderately wounded.
The ice beast closely misses you.
Shoot: a) +0 hand crossbow
Press: ? - help, Shift-Dir - straight line, f/p - ice beast
Aim: an ice beast (moderately wounded, 64% to hit)
You shoot a bolt.
The bolt hits the ice beast but does no damage.
The ice beast is moderately wounded.
The ice beast barely misses you.
Shoot: a) +0 hand crossbow
Press: ? - help, Shift-Dir - straight line, f/p - ice beast
Aim: an ice beast (moderately wounded, 64% to hit)
You shoot a bolt. The bolt hits the ice beast.
The ice beast is moderately wounded.
The ice beast hits you.
* * * LOW HITPOINT WARNING * * *
The ice beast freezes you!
You die...

...+ ... ...# ...
...###.# ####+###.......
...........##.#
...........##.# #...
...........##.# #.†#+#
#+#.####.###..#.# ..
#....†.Y@..#..#.#
.....#####.#####.#.#..#.#
.............#.....#..#.#
..########.#.#.#.###..#.#
#.................#.#
#.####.#.#.#........#
#.#..#.#.#......###
#.#....#.#.######
#......#.......#


You could see an ice beast.

Vanquished Creatures
  A phantom (D:4)
  A bullfrog (D:3)
  A scorpion (D:4)
  A howler monkey (D:5)
  2 jellies (D:5)
  A hound (D:4)
  Ijyb (D:4)
  2 iguanas
  3 adders
  4 gnolls (D:2)
  4 worms
  2 dart slugs
  2 orcs (D:3)
  6 bats
  5 endoplasms
  5 giant cockroaches
  5 goblins
  3 hobgoblins
  10 jackals
  4 quokkas
  4 ball pythons
  4 frilled lizards (D:2)
  7 kobolds
  5 rats
83 creatures vanquished.

Notes
Turn   | Place    | Note
-------+----------+-------------------------------------------
     0 | D:1      | testman the Barachi Arcane Marksman began the quest for the
                  | Orb.
     0 | D:1      | Reached XP level 1. HP: 15/15 MP: 2/2
    97 | D:1      | Reached XP level 2. HP: 16/22 MP: 3/3
   183 | D:1      | Reached skill level 2 in Fighting
   575 | D:1      | Reached XP level 3. HP: 28/28 MP: 4/4
   579 | D:1      | Learned a level 3 spell: Portal Projectile
   648 | D:1      | Found Seomelot's Assorted Antiques.
   985 | D:2      | Reached skill level 1 in Translocations
   988 | D:2      | Reached skill level 3 in Fighting
  1077 | D:2      | Reached XP level 4. HP: 35/35 MP: 5/5
  2099 | D:3      | Reached XP level 5. HP: 42/42 MP: 6/6
  2286 | D:3      | Found a faded altar of an unknown god.
  3001 | D:3      | Reached skill level 4 in Fighting
  3186 | D:4      | Reached XP level 6. HP: 48/48 MP: 7/7
  3349 | D:4      | Noticed Ijyb
  3359 | D:4      | Killed Ijyb
  4198 | D:5      | Entered Level 5 of the Dungeon
  4238 | D:5      | Reached XP level 7. HP: 47/55 MP: 8/8
  4345 | D:5      | Reached skill level 5 in Fighting
  4471 | D:5      | Mangled by an ice beast

Illustrated notes

Levels and vault maps discovered:
D:1:      ncdulo_wetmaze, layout_loops_ring, serial_shops, shop
D:2:      layout_loops_ring
D:3:      layout_loops_ring, hellmonk_ecumenical_altar_pennies_from_heaven,
          nicolae_wormholes
D:4:      layout_rooms, uniq_ijyb
D:5:      layout_basic, minmay_increasing_density

Skill      XL: |  1  2  3  4  5  6  7 |
---------------+----------------------+-----
Fighting       | 2 3 4 5 |  5.1
Crossbows      | 3 4 |  4.6
Translocations | 1 2 3 |  3.7
Hexes          | 4 |  4.1
Dodging        | |  2.1
Spellcasting   | |  1.5

Action                   |  1- 3 |  4- 6 |  7- 9 || total
-------------------------+-------+-------+-------++-------
 Fire: Hand crossbow     |    98 |   196 |    25 ||   319
 Cast: Slow              |       |     1 |       ||     1
 Abil: Hop               |       |     2 |     2 ||     4
  Use: Potion            |       |     2 |       ||     2
Armor: Robe              |     5 |    20 |       ||    25
Dodge: Dodged            |    30 |    71 |    14 ||   115

Table legend: (Time is in decaauts)
 A = Elapsed time spent in this place.
 B = Non-inter-level travel time spent in this place.
 C = Inter-level travel time spent in this place.
 D = Time resting spent in this place.
 E = Time spent auto-exploring this place.
 F = Levels seen in this place.
 G = Mean time per level.
                   A        B        C        D        E       F      G
               +--------+--------+--------+--------+--------+-----+--------+
         Total |   5008 |   4910 |     98 |   1121 |   3157 |   5 | 1001.6 |
       Dungeon |   5008 |   4910 |     98 |   1121 |   3157 |   5 | 1001.6 |
               +--------+--------+--------+--------+--------+-----+--------+

Top non-repeatable levels by time:
     D:3: 1658 daAuts
     D:2: 1226 daAuts
     D:1: 955 daAuts
     D:4: 849 daAuts
     D:5: 318 daAuts
